Map: Prion Terraces

Players

Legend

  • Race: Zerg Zerg
  • League: Platinum

LilDicky - Winner!

  • Race: Terran Terran
  • League: Diamond

VOD

http://www.twitch.tv/tumescentpie

Description

Time

  • Played on: Dec. 6, 2015, 9:59 p.m.
  • Length: 7:36
Show
View Real Time Build Order
Export as new Build Order

Legend Zerg 

Build Orders: Hatch First 

Get SALT Encoding   

  12  0:01  Drone  
  13  0:08  Drone  
  14  0:35  Hatchery  
  13  0:38  Drone  
  14  0:51  Extractor  
  14  0:52  Drone  
  14  1:05  Spawning Pool  
  14  1:06  Drone  
  14  1:23  Overlord  
  14  1:41  Drone x3  
  17  1:56  Queen  
  17  1:59  Metabolic Boost  
  18  2:18  Drone x3  
  21  2:23  Queen  
  21  2:28  Drone  
  24  2:40  Drone x2  
  24  2:43  Zergling x2  
  27  2:48  Zergling x2  
  27  2:50  Overlord  
  28  3:05  Overlord  
  28  3:09  Lair  
  28  3:12  Drone x3  
  31  3:13  Zergling x4  
  31  3:14  Zergling x4  
  35  3:33  Drone, Overlord  
  35  3:34  Overlord  
  36  4:15  Extractor  
  35  4:20  Spore Crawler  
  35  4:22  Spore Crawler  
  35  4:23  Drone  
  35  4:24  Spore Crawler x2, Drone x10  
  39  4:30  Drone  
  43  4:32  Spore Crawler  
  43  4:35  Drone  
  43  4:36  Spore Crawler  
  41  4:42  Zergling x2  
  41  4:43  Zergling x6  
  40  4:50  Zergling x2  
  40  4:51  Zergling x2  
  35  5:20  Zergling x4  
  35  5:26  Zergling x2  
  33  5:29  Queen  
  33  5:35  Spire  
  24  5:55  Zergling x6  
  25  6:06  Zergling x2  
  22  6:48  Mutalisk x3  
  22  6:50  Zergling x6  
Show
View Real Time Build Order
Export as new Build Order

LilDicky Terran - Winner!

Build Orders: Liberator Opening 

Get SALT Encoding   

  12  0:01  SCV  
  13  0:13  SCV  
  14  0:17  Supply Depot  
  14  0:25  SCV  
  14  0:28  Refinery  
  15  0:39  SCV  
  16  0:45  Barracks  
  16  0:51  SCV  
  17  1:03  SCV  
  18  1:11  Refinery  
  18  1:15  SCV  
  20  1:33  Supply Depot, Orbital Command  
  20  1:37  Barracks Reactor  
  19  1:54  Factory  
  19  1:59  SCV  
  20  2:11  SCV  
  21  2:17  Marine x2  
  21  2:22  Supply Depot  
  23  2:24  SCV  
  24  2:36  SCV  
  25  2:37  Armory  
  25  2:39  Marine x2  
  27  2:44  Starport  
  27  2:47  Factory Tech Lab  
  27  2:56  SCV, Marine  
  27  2:57  Marine  
  30  3:08  SCV  
  30  3:11  Supply Depot  
  33  3:20  SCV  
  34  3:30  Thor  
  34  3:31  Marine  
  34  3:32  Marine  
  40  3:35  Medivac  
  42  3:41  Supply Depot  
  42  3:47  SCV  
  43  3:51  Liberator  
  43  3:52  Marine x2  
  45  3:59  SCV  
  45  4:01  Supply Depot  
  49  4:11  SCV, Marine x2  
  52  4:25  Siege Tank  
  52  4:27  SCV  
  52  4:28  Marine  
  52  4:30  Marine  
  58  4:36  Supply Depot  
  58  4:39  SCV  
  55  4:46  Marine  
  55  4:48  Marine  
  54  5:07  Liberator  
  51  5:18  SCV, Marine x2  
  54  5:25  Siege Tank  
  60  5:32  Command Center  
  60  5:40  SCV  
  61  5:52  SCV  
  62  6:03  Marine x2  
  64  6:04  Thor  
  64  6:05  SCV  
  71  6:19  Refinery  
  71  6:20  Refinery  
  71  6:43  Marine  
  71  6:44  SCV  
  73  6:56  SCV  
  74  7:08  SCV  
  73  7:20  SCV  
Tags
 
Add a new tag
Caveats
  • Supply blocks, unpowered buildings, or Contaminate may cause inaccurate times.
  • Supply counts are checked every 10 seconds.